 Dungeon Crawl Stone Soup version 0.18.1-6-gd335043 (webtiles) character file.

884 HungrySpirit the Insei (level 8, -9/50 HPs)
             Began as an Octopode Transmuter on May 18, 2016.
             Was an Initiate of Cheibriados.
             Mangled by an ice beast (12 damage)
             ... on level 6 of the Dungeon.
             The game lasted 00:10:30 (7312 turns).

HungrySpirit the Insei (Octopode Transmuter)        Turns: 7312, Time: 00:10:30

Health: -9/50      AC:  1    Str: 10    XL:     8   Next: 5%
Magic:  9/12       EV: 14    Int: 17    God:    Cheibriados [......]
Gold:   257        SH:  0    Dex: 15    Spells: 3 memorised, 7 levels left

rFire  . . .     SeeInvis .       - Unarmed
rCold  . . .     Gourm    .     (no shield)
rNeg   . . .     Faith    .     (helmet restricted)
rPois  .         Spirit   .     (no amulet)
rElec  .         Dismiss  .     i - ring of flight
rCorr  .         Reflect  .     (no ring)
SustAt .         Harm     .     (no ring)
MR     .....                    (no ring)
Stlth  ++........               (no ring)
                                (no ring)
                                (no ring)
                                (no ring)

@: very slow, not resistant to hostile enchantments, unstealthy
A: almost no armour, amphibious, 8 rings, constrict 8, camouflage 1, gelatinous
body 1
a: Bend Time, Renounce Religion, Evoke Flight


You were on level 6 of the Dungeon.
You worshipped Cheibriados.
Cheibriados was noncommittal.
You were not hungry.

You visited 2 branches of the dungeon, and saw 7 of its levels.

You collected 257 gold pieces.

Inventory:

Missiles
 a - 114 arrows
Armour
 m - a +0 buckler
Jewellery
 i - a ring of flight (left tentacle)
Wands
 p - a wand of flame (8/48)
Scrolls
 d - 5 scrolls of teleportation {unknown}
 e - a scroll of enchant weapon {unknown}
 l - 2 scrolls of remove curse {unknown}
 n - 2 scrolls of enchant armour {unknown}
 o - 2 scrolls of identify {unknown}
 q - a scroll of amnesia {unknown}
 u - a scroll of immolation {unknown}
 v - 4 scrolls of fog {unknown}
 x - a scroll of magic mapping {unknown}
Potions
 f - 2 potions of curing
 h - a potion of haste
 j - a potion of brilliance {unknown}
 k - 2 potions of agility {unknown}
 t - 4 potions of heal wounds {unknown}
 w - a potion of cancellation {unknown}
Books
 b - a book of Changes

   Spells                             Type                      Level
   a - Beastly Appendage              Transmutation                1
   b - Sticks to Snakes               Transmutation                2
   c - Spider Form                    Transmutation/Poison         3
   d - Ice Form                       Ice/Transmutation            4
   e - Blade Hands                    Transmutation                5
Comestibles
 c - 4 bread rations
 g - a beef jerky
 r - 2 chunks of flesh
 s - 5 meat rations


   Skills:
 - Level 2.0 Fighting
 + Level 4.4 Dodging
 * Level 6.4 Unarmed Combat
 + Level 3.2 Spellcasting
 + Level 4.5 Transmutations


You had 7 spell levels left.
You knew the following spells:

 Your Spells              Type           Power        Failure   Level  Hunger
a - Beastly Appendage     Trmt           ###...       2%          1    None
b - Spider Form           Trmt/Pois      ##........   21%         3    ###....
c - Sticks to Snakes      Trmt           ###.....     4%          2    ##.....


Dungeon Overview and Level Annotations

Branches:
Dungeon (6/15)             Temple (1/1) D:6

Altars:
Ashenzari
Cheibriados
Dithmenos
Elyvilon
Fedhas
Gozag
Kikubaaqudgha
Makhleb
Nemelex Xobeh
Okawaru
Pakellas
Qazlal
Ru
Sif Muna
Trog
Xom
Yredelemnul
Zin
The Shining One

Shops:
D:4 }


Innate Abilities, Weirdness & Mutations

You cannot wear most types of armour.
You are amphibious.
You can wear up to eight rings at the same time.
You can use your tentacles to constrict eight enemies at once.
Your skin changes colour to match your surroundings (Stealth).
Your rubbery body absorbs attacks (AC +1).


Message History

You create a snake!
You now have 115 arrows.
The ice beast hits you.
* * * LOW HITPOINT WARNING * * *
The ice beast freezes you.
* * * LOW HITPOINT WARNING * * *
You see here 2 tomahawks.
You swap places.
Your adder bites the ice beast.
The ice beast closely misses your adder.
Your adder bites the ice beast.
The ice beast hits your adder. The ice beast freezes your adder!
Your adder seems to slow down.
Your adder dies!
Casting: Sticks to Snakes
Confirm with . or Enter, or press ? or * to list all spells.
You create a snake!
You now have 114 arrows.
The ice beast hits your ball python. The ice beast freezes your ball python!
Your ball python dies!
The ice beast hits you.
* * * LOW HITPOINT WARNING * * *
The ice beast freezes you!
You die...

#########################
)).))(....(...hY@.......#
#####################..###
................##
########...#.....#
###..........#
##............#
##.............#
#..............#
#.###......)...#


You could see an ice beast and a jackal.

Vanquished Creatures
  An ice beast (D:6)
  A sky beast (D:6)
  An ogre (D:6)
  A giant frog (D:6)
  3 orc wizards
  An orc priest (D:5)
  2 jellies (D:5)
  A giant frog skeleton (D:5)
  2 worker ants
  2 iguanas (D:4)
  13 adders
  An ooze (D:4)
  A worm (D:5)
  3 dart slugs
  2 giant geckos
  10 orcs
  7 bats
  A giant cockroach (D:4)
  10 goblins
  10 hobgoblins
  12 jackals
  7 kobolds
  2 quokkas
  2 giant newts
  3 rats
99 creatures vanquished.

Vanquished Creatures (collateral kills)
  A scorpion (D:4)
1 creature vanquished.

Grand Total: 100 creatures vanquished

Notes
Turn   | Place    | Note
--------------------------------------------------------------
     0 | D:1      | HungrySpirit the Octopode Transmuter began the quest for the Orb.
     0 | D:1      | Reached XP level 1. HP: 13/13 MP: 3/3
   311 | D:1      | Reached XP level 2. HP: 11/18 MP: 5/5
  1098 | D:1      | Reached XP level 3. HP: 23/23 MP: 6/6
  1981 | D:2      | Learned a level 3 spell: Spider Form
  1984 | D:2      | Learned a level 2 spell: Sticks to Snakes
  2147 | D:2      | Reached skill level 4 in Unarmed Combat
  2147 | D:2      | Reached XP level 4. HP: 22/28 MP: 5/7
  2405 | D:2      | Found a shadowy altar of Dithmenos.
  2408 | D:2      | Found a sacrificial altar of Ru.
  2411 | D:2      | Found an oddly glowing altar of Pakellas.
  2414 | D:2      | Found an ancient bone altar of Kikubaaqudgha.
  3100 | D:3      | Reached XP level 5. HP: 16/34 MP: 6/8
  3859 | D:3      | Found a burning altar of Makhleb.
  4405 | D:4      | Reached XP level 6. HP: 19/39 MP: 7/9
  4655 | D:4      | Found Muxibys's Gadget Emporium.
  4979 | D:5      | Entered Level 5 of the Dungeon
  5230 | D:5      | Reached skill level 5 in Unarmed Combat
  5588 | D:5      | Found a white marble altar of Elyvilon.
  6002 | D:5      | Reached XP level 7. HP: 16/45 MP: 8/10
  6375 | D:6      | Found a staircase to the Ecumenical Temple.
  6409 | Temple   | Entered the Ecumenical Temple
  6582 | D:6      | HP: 1/45 [sky beast (6)]
  6890 | D:6      | Reached skill level 6 in Unarmed Combat
  7020 | D:6      | Found a blossoming altar of Fedhas.
  7020 | D:6      | Found a bloodstained altar of Trog.
  7025 | D:6      | Found a snail-covered altar of Cheibriados.
  7027 | D:6      | Found a glowing golden altar of the Shining One.
  7028 | D:6      | Found a glowing silver altar of Zin.
  7033 | D:6      | Became a worshipper of Cheibriados the Contemplative
  7285 | D:6      | Reached XP level 8. HP: 31/50 MP: 9/12
  7312 | D:6      | Mangled by an ice beast

Skill      XL: |  1  2  3  4  5  6  7 |
---------------+----------------------+-----
Unarmed Combat | 4 5 6 |  6.4
Fighting       | 2 |  2.0
Dodging        | 3 4 |  4.4
Transmutations | 3 4 |  4.5
Spellcasting   | 3 |  3.2

Action                   |  1- 3 |  4- 6 |  7- 9 || total
-------------------------+-------+-------+-------++-------
Melee: Unarmed           |    71 |   134 |    58 ||   263
       Constrict         |    22 |    30 |     4 ||    56
       Tentacles         |    13 |    24 |    10 ||    47
       Kick              |     8 |    17 |     8 ||    33
       Punch             |     2 |     2 |     1 ||     5
 Cast: Beastly Appendage |     7 |    12 |     4 ||    23
       Sticks to Snakes  |       |     2 |     3 ||     5
       Spider Form       |       |       |     2 ||     2
Evoke: Wand              |       |     1 |       ||     1
  Use: Potion            |       |       |     2 ||     2
 Stab: Sleeping          |     4 |     6 |     1 ||    11
  Eat: Chunk             |     3 |    10 |     2 ||    15
       Fruit             |       |     3 |       ||     3
       Royal jelly       |       |       |     2 ||     2
Armor: Skin              |     1 |    12 |     4 ||    17
Dodge: Dodged            |    42 |    88 |    43 ||   173
